Map: Prion Terraces

Players

BridgeTroll

  • Race: Protoss Protoss
  • League: Platinum

LilDicky - Winner!

  • Race: Terran Terran
  • League: Diamond

VOD

http://www.twitch.tv/tumescentpie

Description

Time

  • Played on: Nov. 24, 2015, 8:43 p.m.
  • Length: 5:49
Show
View Real Time Build Order
Export as new Build Order

BridgeTroll Protoss 

Build Orders: Oracle Opening 

Get SALT Encoding   

  12  0:00  Probe (Chrono Boost)  
  13  0:13  Pylon  
  13  0:17  Probe (Chrono Boost)  
  14  0:28  Probe (Chrono Boost)  
  15  0:30  Assimilator  
  15  0:42  Gateway  
  15  0:43  Probe (Chrono Boost)  
  16  0:55  Probe (Chrono Boost)  
  17  0:59  Assimilator  
  17  1:05  Probe (Chrono Boost)  
  17  1:10  Gateway  
  18  1:16  Probe (Chrono Boost)  
  19  1:26  Probe (Chrono Boost)  
  19  1:29  Cybernetics Core  
  20  1:37  Probe (Chrono Boost)  
  21  1:41  Pylon  
  21  1:48  Probe (Chrono Boost)  
  22  2:03  Probe (Chrono Boost)  
  22  2:05  Warp Gate (Chrono Boost)  
  22  2:07  Adept x2  
  27  2:16  Stargate  
  27  2:22  Mothership Core  
  29  2:33  Pylon  
  29  2:51  Gateway  
  29  3:01  Oracle  
  28  3:44  Probe  
  29  4:02  Forge  
  29  4:08  Pylon  
  22  4:26  Stalker  
  22  4:27  Stalker x2  
  28  4:32  Pylon  
  25  4:38  Photon Cannon  
  25  4:40  Probe  
  25  4:43  Photon Cannon  
  26  4:52  Stalker x2, Probe  
  31  5:12  Probe  
  17  5:25  Probe  
Show
View Real Time Build Order
Export as new Build Order

LilDicky Terran - Winner!

Build Orders:  

Get SALT Encoding   

  12  0:02  SCV  
  13  0:16  SCV  
  13  0:17  Supply Depot  
  14  0:26  Refinery  
  14  0:28  SCV  
  15  0:41  SCV  
  16  0:46  Barracks  
  16  0:53  SCV  
  17  1:05  SCV  
  18  1:20  SCV  
  19  1:32  Orbital Command  
  19  1:33  Supply Depot, Marine  
  19  1:38  Factory  
  20  1:52  Marine  
  21  1:58  SCV  
  21  1:59  Barracks  
  22  2:08  Barracks  
  22  2:11  Barracks Reactor  
  22  2:14  SCV  
  23  2:29  Supply Depot, Refinery  
  23  2:34  SCV  
  24  2:49  Barracks Tech Lab  
  24  2:50  Marine x2  
  24  2:51  Widow Mine  
  25  2:54  SCV  
  25  2:55  Barracks Tech Lab  
  28  3:00  Supply Depot  
  28  3:06  SCV, Bunker  
  28  3:08  Stimpack  
  27  3:20  Marine  
  27  3:21  Marauder  
  29  3:29  Widow Mine  
  29  3:35  Marine x2  
  30  3:42  Marine x2  
  31  3:53  Marauder  
  31  3:54  Marine  
  34  3:59  Concussive Shells  
  34  4:00  Marine  
  35  4:06  Marine  
  36  4:11  Marine  
  27  4:27  Marine x2  
  27  4:28  Marauder  
  31  4:51  Marine  
  31  4:52  Marauder x2  
  36  4:57  SCV  
  36  5:09  SCV  
  36  5:10  Marine  
  36  5:13  Marauder  
  36  5:21  SCV  
  32  5:37  Bunker  
Tags
 
Add a new tag
Caveats
  • Supply blocks, unpowered buildings, or Contaminate may cause inaccurate times.
  • Supply counts are checked every 10 seconds.